 Dungeon Crawl Stone Soup version 0.26-a0-215-g1b87330c0f (webtiles) character file.

Game seed: 2595902366916347139

1183 BritishOli the Slasher (level 8, -2/54 (55) HPs)
             Began as a Demonspawn Gladiator on July 6, 2020.
             Slain by an orc priest
             ... wielding a +0 war axe
              (5 damage)
             ... on level 6 of the Dungeon.
             The game lasted 00:07:42 (4297 turns).

BritishOli the Slasher (Demonspawn Gladiator)       Turns: 4297, Time: 00:07:42

HP:   -2/54 (55)    AC:  8    Str: 18    XL:     8   Next: 19%
MP:   0/2           EV: 12    Int: 15    God:
Gold: 154           SH:  0    Dex: 17    Spells: 7/7 levels left

rFire    + . .     SeeInvis .   e - +8 whip of Winter {antimagic, rF+ Int+6 Dex+3}
rCold    . . .     Faith    .   (no shield)
rNeg     . . .     Spirit   +   i - +0 ring mail (curse)
rPois    .         Reflect  .   c - +0 helmet
rElec    .         Harm     .   o - +0 cloak
rCorr    .                      (no gloves)
MR       .....                  (no boots)
Stlth    +.........             k - amulet of guardian spirit
HPRegen  0.18/turn              (no ring)
MPRegen  0.08/turn              (no ring)

@: no status effects
A: claws 1, hooves 1, frail 1, low mp 1, spiny 2, evolution 1, magic shield,
MP-powered wands
a: no special abilities


You were on level 6 of the Dungeon.
You were not hungry.

You visited 1 branch of the dungeon, and saw 6 of its levels.
You also visited: Sewer.

You collected 154 gold pieces.

Inventory:

Hand Weapons
 a - a +0 long sword
 e - the +8 whip of Winter (weapon) {antimagic, rF+ Int+6 Dex+3}
   (You found it on level 5 of the Dungeon)

   It reduces the magical energy of the wielder, and disrupts the spells and
   magical abilities of those hit.
   Natural abilities and divine invocations are not affected.
   It affects your intelligence (+6).
   It affects your dexterity (+3).
   It protects you from fire.
 l - a +2 short sword of venom
Missiles
 d - 3 throwing nets (quivered)
Armour
 c - a +0 helmet (worn)
 i - a cursed +0 ring mail (worn)
 o - a +0 cloak (worn)
 A - a +0 scale mail
Jewellery
 k - an amulet of guardian spirit (around neck)
Wands
 n - a wand of random effects (13)
 y - a wand of acid (9)
Scrolls
 b - a scroll of immolation {unknown}
 j - a scroll of fear
 m - 6 scrolls of teleportation
Potions
 g - a potion of heal wounds
 p - 2 potions of stabbing {unknown}
 r - 2 potions of berserk rage {unknown}
 s - 2 potions of curing
 t - 2 potions of brilliance {unknown}
 u - 4 potions of haste
 v - a potion of flight {unknown}
 w - a potion of magic {unknown}
 z - a potion of degeneration {unknown}
Comestibles
 f - 4 rations


   Skills:
 + Level 5.2 Fighting
 * Level 6.8 Long Blades
 - Level 2.0 Throwing
 + Level 4.0 Armour
 - Level 3.0 Dodging


You had 7 spell levels left.
You didn't know any spells.
Your spell library was empty.

Dungeon Overview and Level Annotations

Branches:
Dungeon (6/15)              Sewer (visited)
 Temple: D:4-7

Altars:
Cheibriados
Dithmenos
Gozag
Hepliaklqana
Qazlal
Ru
Wu Jian
Xom


Innate Abilities, Weirdness & Mutations

You have sharp fingernails.
You are mostly covered in sharp spines.
When hurt, damage is shared between your health and your magic reserves.
You have large cloven feet.
You are frail. (-10% HP)
Your magical capacity is low. (-10% MP)
You evolve.
You expend magic power (3 MP) to strengthen your wands.


Message History

The orc priest is healed somewhat.
You barely miss the orc priest.
The orc priest is heavily wounded.
The orc priest is struck by your spines.
You kill the orc priest!
You whack the orc priest! Your kick misses the orc priest.
The orc priest is severely wounded.
The orc priest invokes the aid of Beogh against you.
You struggle to resist.
Unknown command.
You hit the orc priest but do no damage.
You kick the orc priest.
The orc priest is severely wounded.
The orc priest mumbles some strange prayers to Beogh against you.
Beogh smites you!
* * * LOW HITPOINT WARNING * * *
You hit the orc priest. Your kick misses the orc priest.
The orc priest is almost dead.
The orc priest hits you with a +0 war axe.
You die...

# .#
#.
>.
###.
#Z.
#o#
#@#
###


You could see an orc priest and a worker ant zombie.

Vanquished Creatures
  An ogre (D:4)
  A necrophage (D:5)
  3 big kobolds (Sewer)
  2 scorpions
  A howler monkey (D:4)
  A hound (D:4)
  Crazy Yiuf (D:2)
  4 orc priests
  4 orc wizards
  2 worker ants (D:4)
  Robin (D:2)
  11 adders
  A howler monkey skeleton (D:4)
  3 river rats
  A shadow imp (D:5)
  2 oozes
  8 worms
  21 orcs
  5 ball pythons
  6 bats
  7 giant cockroaches
  17 goblins
  7 hobgoblins
  9 jackals
  14 kobolds
  2 quokkas (D:4)
  11 frilled lizards
  A giant cockroach zombie (D:5)
  2 quokka skeletons (D:4)
  10 rats
159 creatures vanquished.

Notes
Turn   | Place    | Note
-------+----------+-------------------------------------------
     0 | D:1      | BritishOli the Demonspawn Gladiator began the quest for the
                  | Orb.
     0 | D:1      | Reached XP level 1. HP: 16/16 MP: 1/1
     0 | D:1      | Noticed a minotaur skeleton
    12 | D:1      | Noticed a minotaur skeleton
   260 | D:1      | Gained mutation: You are partially covered in sharp spines.
                  | [demonic ancestry]
   260 | D:1      | Reached XP level 2. HP: 22/22 MP: 2/2
   495 | D:1      | Reached skill level 3 in Long Blades
   768 | D:2      | Gained mutation: You have sharp fingernails. [demonic
                  | ancestry]
   768 | D:2      | Reached XP level 3. HP: 16/28 MP: 1/3
   773 | D:2      | Gained mutation: Scrolls take you a little longer to read.
                  | [potion of mutation]
   773 | D:2      | Gained mutation: Your flesh is cold resistant. (rC+)
                  | [potion of mutation]
   773 | D:2      | Gained mutation: You are robust. (+10% HP) [potion of
                  | mutation]
   773 | D:2      | Gained mutation: You are agile. (Dex +2) [potion of
                  | mutation]
   775 | D:2      | Lost mutation: Scrolls take you a little longer to read.
                  | [potion of mutation]
   775 | D:2      | Lost mutation: You are robust. (+10% HP) [potion of
                  | mutation]
   775 | D:2      | Lost mutation: You are agile. (Dex +2) [potion of mutation]
   775 | D:2      | Gained mutation: You can translocate small distances at
                  | will. [potion of mutation]
   775 | D:2      | Gained mutation: Your mind is acute. (Int +2) [potion of
                  | mutation]
   775 | D:2      | Gained mutation: You evolve. [potion of mutation]
  1105 | D:2      | Noticed Robin
  1119 | D:2      | Reached skill level 1 in Armour
  1120 | D:2      | Killed Robin
  1120 | D:2      | Gained mutation: You are mostly covered in sharp spines.
                  | [demonic ancestry]
  1120 | D:2      | Reached XP level 4. HP: 24/34 MP: 4/4
  1349 | D:2      | Lost mutation: You can translocate small distances at will.
                  | [potion of mutation]
  1349 | D:2      | Lost mutation: Your mind is acute. (Int +2) [potion of
                  | mutation]
  1349 | D:2      | Gained mutation: You are robust. (+10% HP) [potion of
                  | mutation]
  1349 | D:2      | Gained mutation: You expend magic power (3 MP) to
                  | strengthen your wands. [potion of mutation]
  1539 | D:2      | Found a runed translucent door.
  1540 | D:2      | Noticed Crazy Yiuf
  1654 | D:2      | Killed Crazy Yiuf
  1704 | D:3      | Reached skill level 4 in Long Blades
  1704 | D:3      | Reached XP level 5. HP: 45/45 MP: 5/5
  1765 | D:3      | Found an opulent altar of Gozag.
  1960 | D:3      | Lost mutation: Your flesh is cold resistant. (rC+) [potion
                  | of mutation]
  1960 | D:3      | Lost mutation: You are robust. (+10% HP) [potion of
                  | mutation]
  1960 | D:3      | Gained mutation: Your magical capacity is low. (-10% MP)
                  | [potion of mutation]
  1960 | D:3      | Gained mutation: You are frail. (-10% HP) [potion of
                  | mutation]
  1960 | D:3      | Gained mutation: You have large cloven feet. [potion of
                  | mutation]
  2087 | D:3      | Found a sacrificial altar of Ru.
  2087 | D:3      | Found an ornate altar of the Wu Jian Council.
  2104 | D:3      | Found a stormy altar of Qazlal.
  2104 | D:3      | Found a shimmering altar of Xom.
  2222 | D:3      | Found a snail-covered altar of Cheibriados.
  2229 | D:3      | Reached XP level 6. HP: 25/42 MP: 3/5
  2404 | D:4      | Found a glowing drain.
  2420 | Sewer    | Entered a sewer
  2631 | Sewer    | Reached skill level 5 in Long Blades
  2921 | Sewer    | Reached XP level 7. HP: 48/48 MP: 6/6
  3279 | D:4      | Reached skill level 6 in Long Blades
  3598 | D:4      | Noticed a shadow
  3599 | D:4      | Found a shadowy altar of Dithmenos.
  3600 | D:4      | Found a hazy altar of Hepliaklqana.
  3851 | D:5      | Entered Level 5 of the Dungeon
  3974 | D:5      | Gained mutation: When hurt, damage is shared between your
                  | health and your magic reserves. [demonic ancestry]
  3974 | D:5      | Reached XP level 8. HP: 49/53 MP: 7/7
  4061 | D:5      | Got a polished whip
  4062 | D:5      | Identified the +8 whip of Winter {antimagic, rF+ Int+6
                  | Dex+3} (You found it on level 5 of the Dungeon)
  4101 | D:5      | Reached skill level 5 in Fighting
  4296 | D:6      | HP: 2/54 [orc priest/divine providence (10)]
  4297 | D:6      | Slain by an orc priest

Illustrated notes

Levels and vault maps discovered:
D:1:      shiori_arrival_whats_in_store_for_you, layout_rooms,
          minmay_split_cup_small
D:2:      layout_rooms, uniq_robin, uniq_crazy_yiuf_cottage
D:3:      layout_rooms, grunt_temple_overflow_open, grunt_ministairs_6,
          nicolae_gozag_seed_capital
D:4:      layout_loops_ring, riverfiend_overflow_shadow_ancestor,
          portal_sewer_entry_b
D:5:      layout_cave_pools, first_ration, serial_shops, shop,
          nicolae_ossuary_entry_false_entrances
D:6:      layout_basic, uniq_pikel, uniq_grinder

Skill      XL: |  1  2  3  4  5  6  7  8 |
---------------+-------------------------+-----
Throwing       | 2 |  2.0
Long Blades    | 3 4 5 6 |  6.8
Dodging        | 3 |  3.0
Armour         | 1 2 3 4 |  4.0
Fighting       | 3 4 5 |  5.2

Action                   |  1- 3 |  4- 6 |  7- 9 || total
-------------------------+-------+-------+-------++-------
Melee: Long sword        |    85 |   123 |    86 ||   294
       Kick              |       |    22 |    30 ||    52
       Whip              |       |       |    16 ||    16
 Abil: Blink             |     1 |       |       ||     1
  Use: Potion            |     3 |     2 |       ||     5
       Scroll            |       |       |     8 ||     8
 Stab: Distracted        |       |       |     1 ||     1
  Eat: Ration            |     1 |     1 |     2 ||     4
Armor: Leather armour    |    14 |       |       ||    14
       Ring mail         |    18 |    44 |    41 ||   103
Dodge: Dodged            |    69 |    71 |    58 ||   198
       Rpst.: Long sword |    21 |    23 |    13 ||    57

Table legend:
 A = Non-vault XP
 B = Vault XP
 C = Vault XP percentage of total XP
 D = Non-vault monster count
 E = Vault monster count
 F = Vault count percentage of total count
                 A         B        C        D         E       F
            +---------+---------+-------+---------+---------+-------
      Total |    1186 |     504 |  29.8 |     113 |      46 |  28.9
            +---------+---------+-------+---------+---------+-------
        D:1 |      31 |       5 |  13.9 |      20 |       3 |  13.0
        D:2 |      76 |      77 |  50.3 |      20 |      13 |  39.4
        D:3 |     185 |      11 |   5.6 |      27 |       3 |  10.0
        D:4 |     424 |      39 |   8.4 |      29 |       8 |  21.6
        D:5 |     429 |       0 |   0.0 |      16 |       0 |   0.0
        D:6 |      41 |       0 |   0.0 |       1 |       0 |   0.0
      Sewer |       0 |     372 | 100.0 |       0 |      19 | 100.0
            +---------+---------+-------+---------+---------+-------
